 Dungeon Crawl Stone Soup version 0.23-a0-470-g6f7cfd9739 (webtiles) character file.

4972 LostNumber the Summoner (level 10, -4/77 HPs)
             Began as a Mummy Summoner on Nov 27, 2018.
             Was a Believer of Ashenzari.
             Slain by a porcupine (11 damage)
             ... on level 1 of the Lair of Beasts.
             The game lasted 00:41:09 (14516 turns).

LostNumber the Summoner (Mummy Summoner)           Turns: 14516, Time: 00:41:11

Health: -4/77      AC:  7    Str: 11    XL:     10   Next: 28%
Magic:  16/22      EV: 14    Int: 17    God:    Ashenzari [**....]
Gold:   425        SH:  0    Dex:  9    Spells: 11/25 levels left

rFire    . . .     SeeInvis +   q - +0 spear (curse)
rCold    + . .     Gourm    .   (no shield)
rNeg     + + +     Faith    .   C - +1 robe "Ynifief" {rElec rCorr Dex-5 SInv}
rPois    ∞         Spirit   .   u - +0 helmet
rElec    +         Reflect  .   B - +2 cloak (curse)
rCorr    +         Harm     .   (no gloves)
MR       +....                  (no boots)
Stlth    ++........             (no amulet)
HPRegen  0.22/turn              y - +2 ring of evasion (curse)
MPRegen  0.18/turn              m - ring of protection from fire (curse)

@: no status effects
A: no food or potions, fire vulnerability, cold resistance 1, negative energy
resistance 3, torment resistance, unbreathing
a: Curse Item, Scrying, Renounce Religion


You were on level 1 of the Lair of Beasts.
You worshipped Ashenzari.
Ashenzari was pleased with you.
You were not hungry.

You visited 2 branches of the dungeon, and saw 10 of its levels.

You collected 425 gold pieces.

Inventory:

Hand Weapons
 e - a +0 short sword
 g - a +0 short sword of speed
 q - a cursed +0 spear (weapon)
 A - a +2 spear
Armour
 a - a +0 robe
 u - a +0 helmet (worn)
 w - a +0 leather armour of cold resistance
 B - a cursed +2 cloak (worn)
 C - the +1 robe "Ynifief" (worn) {rElec rCorr Dex-5 SInv}
   (You found it on level 1 of the Lair of Beasts)

   It affects your dexterity (-5).
   It insulates you from electricity.
   It lets you see invisible.
   It provides partial protection from all sources of acid and corrosion.
Jewellery
 b - an uncursed amulet of faith
 i - an uncursed ring of resist corrosion
 k - an uncursed ring of ice
 l - a +3 ring of dexterity
 m - a cursed ring of protection from fire (right hand)
 s - an uncursed ring of magical power
 y - a cursed +2 ring of evasion (left hand)
Wands
 p - a wand of flame (9)
 t - a wand of disintegration (11)
 v - a wand of digging (11)
 z - a wand of paralysis (4)
 D - a wand of enslavement (9)
Scrolls
 c - 4 scrolls of magic mapping
 d - 6 scrolls of remove curse
 f - 5 scrolls of amnesia
 h - 2 scrolls of enchant weapon
 j - 5 scrolls of teleportation
 n - 2 scrolls of fear
 o - 4 scrolls of enchant armour
 r - a scroll of fog
 x - 3 scrolls of torment


   Skills:
 + Level 6.4 Fighting
 * Level 3.5(5.6) Polearms
 + Level 2.0 Dodging
 - Level 1.5 Stealth
 - Level 8.0 Spellcasting
 - Level 8.0(9.5) Summonings
 - Level 4.0(5.4) Ice Magic
 - Level 4.0(5.3) Air Magic


You had 11 spell levels left.
You knew the following spells:

 Your Spells              Type           Power        Failure   Level  Hunger
a - Summon Small Mammal   Summ           ####         1%          1    N/A
b - Call Imp              Summ           #####...     1%          2    N/A
c - Call Canine Familiar  Summ           #####...     1%          3    N/A
d - Summon Ice Beast      Ice/Summ       ####....     4%          4    N/A
e - Summon Lightning Spi  Summ/Air       ####....     4%          4    N/A

Your spell library contained the following spells:

 Spells                   Type           Power        Failure   Level  Hunger
 Freeze                   Ice            ####         1%          1    N/A
 Throw Frost              Conj/Ice       ###...       4%          2    N/A
 Summon Guardian Golem    Hex/Summ       ###.....     4%          3    N/A
 Ozocubu's Armour         Chrm/Ice       ###.....     10%         3    N/A
 Throw Icicle             Conj/Ice       ###.....     32%         4    N/A

Dungeon Overview and Level Annotations

Branches:
Dungeon (9/15)             Temple (0/1) D:6            Lair (1/6) D:9
    Orc: D:9-12

Altars:
Ashenzari
Elyvilon
Sif Muna
Uskayaw
Vehumet
Wu Jian
The Shining One

Shops:
D:7 [*!}


Innate Abilities, Weirdness & Mutations

You do not eat or drink.
Your flesh is vulnerable to fire.
You are immune to poison.
Your flesh is cold resistant. (rC+)
You are immune to negative energy. (rN+++)
You are immune to unholy pain and torment.
You can survive without breathing.


Message History

Unknown command.
You are struck by the porcupine's spines.
* * * LOW HITPOINT WARNING * * *
You hit the porcupine.
The porcupine is heavily wounded.
Your ice beast is struck by the porcupine's spines.
Your ice beast barely misses the porcupine.
The porcupine bites you.
* * * LOW HITPOINT WARNING * * *
Attack whom?
Press: ? - help, Dir - move target cursor, f - porcupine
Aim: a porcupine (heavily wounded)
You are struck by the porcupine's spines.
* * * LOW HITPOINT WARNING * * *
You hit the porcupine.
The porcupine is severely wounded.
Your ice beast is struck by the porcupine's spines.
Your ice beast dies!
The porcupine bites you!
You die...

#...#.#...#...............
#.....#.# #...............
#.[.....#........P........
##.####.##................
## #....#..............
###.##........ ,,
#........... ,,
*######.#........ , *
........@r.Y.....
*,................. *
.................
.........#.......
.................
................. ,
.........#....... , *
........##...... , **
.#.##.. ......,


You could see a porcupine and a friendly ice beast.

Vanquished Creatures
  A porcupine (Lair:1)
  A water moccasin (Lair:1)
  A sky beast (D:9)
  A centaur (D:8)
  2 bullfrogs (D:9)
  A howler monkey (D:3)
  A crimson imp (D:7)
  A centaur zombie (D:7)
  2 hounds
  An orc wizard (D:4)
  3 centaur skeletons (D:9)
  A howler monkey zombie (D:5)
  2 gnolls
  4 adders
  An ooze (D:5)
  An adder skeleton (D:7)
  An adder zombie (D:6)
  A worm (D:5)
  2 dart slugs
  4 leopard geckos
  9 orcs
  A ball python (D:2)
  3 bats (D:1)
  3 giant cockroaches
  A goblin (D:1)
  7 hobgoblins
  5 jackals
  3 quokkas
  4 frilled lizards
  2 jackal zombies
  4 kobolds
  11 rats
85 creatures vanquished.

Vanquished Creatures (collateral kills)
  2 two-headed ogres (D:8)
  An unseen horror (D:9)
  An ugly thing (D:9)
  A centaur skeleton (D:7)
  A troll (D:9)
  2 hippogriffs
  Sigmund (D:3)
  4 hogs (D:7)
  A hungry ghost (D:7)
  A human (D:6)
  A porcupine (Lair:1)
  2 water moccasins (Lair:1)
  2 orc warriors
  A black bear (D:9)
  2 sky beasts
  2 phantoms
  4 ogres
  5 wolves (Lair:1)
  2 centaurs (D:8)
  3 crocodiles
  A big kobold (D:8)
  2 scorpions (D:8)
  5 killer bees
  4 wights
  A howler monkey (D:8)
  A crimson imp (D:9)
  A centaur zombie (D:9)
  2 quasits
  3 hounds
  3 orc wizards
  2 orc priests
  2 jellies
  Ijyb (D:4)
  3 worker ants
  A howler monkey zombie (D:7)
  A howler monkey skeleton (D:8)
  3 adders
  6 gnolls
  An ooze (D:2)
  An adder skeleton (D:4)
  An adder zombie (D:8)
  2 worms
  2 leopard geckos
  21 orcs
  A ball python (D:1)
  5 giant cockroaches
  3 hobgoblins (D:1)
  8 jackals
  7 kobolds
  A quokka (D:8)
  A bat (D:1)
  A butterfly (Lair:1)
  A fungus (Lair:1)
137 creatures vanquished.

Vanquished Creatures (others)
  A troll (D:9)
1 creature vanquished.

Grand Total: 223 creatures vanquished

Notes
Turn   | Place    | Note
-------+----------+-------------------------------------------
     0 | D:1      | LostNumber the Mummy Summoner began the quest for the Orb.
     0 | D:1      | Reached XP level 1. HP: 13/13 MP: 4/4
   854 | D:1      | Reached XP level 2. HP: 4/20 MP: 2/5
  1123 | D:1      | Learned a level 2 spell: Call Imp
  1606 | D:1      | Reached skill level 1 in Fighting
  2183 | D:2      | Reached XP level 3. HP: 18/26 MP: 4/7
  2441 | D:2      | Learned a level 3 spell: Call Canine Familiar
  2866 | D:3      | Noticed Sigmund
  3442 | D:3      | Killed Sigmund
  3442 | D:3      | Reached XP level 4. HP: 13/33 MP: 2/9
  3703 | D:3      | Reached XP level 5. HP: 38/38 MP: 10/10
  4616 | D:3      | Learned a level 4 spell: Summon Ice Beast
  4886 | D:4      | Reached skill level 1 in Ice Magic
  4900 | D:4      | Reached XP level 6. HP: 43/46 MP: 11/12
  5492 | D:4      | Reached skill level 5 in Summonings
  5843 | D:5      | Entered Level 5 of the Dungeon
  5843 | D:5      | Noticed Ijyb
  5866 | D:4      | Killed Ijyb
  6198 | D:5      | Found a shattered altar of Ashenzari.
  6217 | D:5      | Became a worshipper of Ashenzari the Shackled
  6930 | D:5      | Learned a level 4 spell: Summon Lightning Spire
  7376 | D:5      | Reached XP level 7. HP: 23/52 MP: 14/14
  7896 | D:6      | Found a hide-covered altar of Uskayaw.
  7896 | D:6      | Found an ornate altar of the Wu Jian Council.
  7901 | D:6      | Found a white marble altar of Elyvilon.
  7903 | D:6      | Found a radiant altar of Vehumet.
  7905 | D:6      | Found a deep blue altar of Sif Muna.
  8009 | D:6      | Found a staircase to the Ecumenical Temple.
  8167 | D:6      | Reached * piety under Ashenzari
  8599 | D:6      | Found a glowing golden altar of the Shining One.
  8659 | D:7      | Found Yckisoeck's Antique Armour Boutique.
  8659 | D:7      | Found Queppoef's General Store.
  8904 | D:7      | Noticed a hippogriff
  8916 | D:7      | Killed a hippogriff
  8916 | D:7      | Reached skill level 5 in Spellcasting
  9072 | D:7      | Found Yvvoepla's Gadget Emporium.
  9138 | D:7      | Reached XP level 8. HP: 33/60 MP: 16/16
  9876 | D:7      | Found Ifozaej's Distillery.
  9972 | D:7      | Reached skill level 1 in Air Magic
 10088 | D:7      | Found a white marble altar of Elyvilon.
 10564 | D:8      | Noticed a two-headed ogre
 10572 | D:8      | Killed a two-headed ogre
 10572 | D:8      | Reached XP level 9. HP: 67/67 MP: 3/18
 11079 | D:8      | Reached skill level 5 in Fighting
 11983 | D:8      | Noticed a two-headed ogre
 11990 | D:8      | Killed a two-headed ogre
 12283 | D:9      | Noticed a troll
 12292 | D:9      | Killed a troll
 12468 | D:9      | Killed a troll
 12571 | D:9      | Reached skill level 1 in Polearms
 12624 | D:9      | Reached ** piety under Ashenzari
 13283 | D:9      | Killed an unseen horror
 13506 | D:9      | Reached XP level 10. HP: 67/76 MP: 21/21
 13508 | D:9      | Noticed a white ugly thing
 13521 | D:9      | Killed a white ugly thing
 13543 | D:9      | Found a staircase to the Lair.
 13965 | Lair:1   | Entered Level 1 of the Lair of Beasts
 14156 | Lair:1   | Got the uncursed robe "Ynifief" {rElec rCorr Dex-5 SInv}
 14167 | Lair:1   | Identified the +1 robe "Ynifief" {rElec rCorr Dex-5 SInv}
                  | (You found it on level 1 of the Lair of Beasts)
 14516 | Lair:1   | Slain by a porcupine

Vault maps used:
D:1:      eino_arrival_tree_alley
D:2:      corner_web_ring, minmay_cupped
D:3:      dk_noncrumbling_2, uniq_sigmund
D:4:      first_ration
D:5:      minmay_bubble_buster, evilmike_ruin_ashenzari, uniq_ijyb
D:6:      chequers_temple_overflow_minitemple, minmay_temple_entry_mini_moons,
          nicolae_tso_carved_into_rock
D:7:      serial_shops, shop, shop, kennysheep_mini, shop, grunt_livestock,
          elyvilon_altar_1
D:9:      lemuel_flame_loot_2, lair_entry_dummy, minmay_bent
Lair:1:   lemuel_fruit_fields, lemuel_fruit_tree

Skill      XL: |  1  2  3  4  5  6  7  8  9 10 |
---------------+-------------------------------+-----
Spellcasting   | 3 4 5 6 7 8 |  8.0
Fighting       | 1 2 3 4 5 6 |  6.4
Summonings     | 4 5 7 8 |  8.0
Ice Magic      | 1 2 3 4 |  4.0
Air Magic      | 2 4 |  4.0
Polearms       | 2 3 |  3.5
Dodging        | 2 |  2.0
Stealth        | |  1.5

Action                   |  1- 3 |  4- 6 |  7- 9 | 10-12 || total
-------------------------+-------+-------+-------+-------++-------
Melee: Unarmed           |    56 |       |       |       ||    56
       Short sword       |   115 |    13 |       |       ||   128
       Spear             |       |   233 |   372 |   102 ||   707
 Cast: Summon Small Mamm |    14 |       |       |       ||    14
       Call Imp          |     6 |    12 |     7 |       ||    25
       Call Canine Famil |     3 |    23 |    40 |     7 ||    73
       Summon Ice Beast  |       |       |    43 |    11 ||    54
       Summon Lightning  |       |       |     8 |     3 ||    11
Invok: Curse Item        |       |     1 |       |     2 ||     3
Evoke: Wand              |       |       |     4 |       ||     4
  Use: Scroll            |       |     7 |     3 |     1 ||    11
 Stab: Sleeping          |     4 |     6 |     1 |     1 ||    12
       Distracted        |     1 |     2 |     7 |     1 ||    11
Armor: Robe              |    37 |    27 |    92 |    21 ||   177
Dodge: Dodged            |   122 |   129 |   208 |    43 ||   502

Table legend:
 A = Non-vault XP
 B = Vault XP
 C = Vault XP percentage of total XP
 D = Non-vault monster count
 E = Vault monster count
 F = Vault count percentage of total count
                 A         B        C        D         E       F
            +---------+---------+-------+---------+---------+-------
      Total |    5942 |    1161 |  16.3 |     195 |      25 |  11.4
            +---------+---------+-------+---------+---------+-------
        D:1 |      38 |       0 |   0.0 |      29 |       0 |   0.0
        D:2 |      17 |       4 |  19.0 |       9 |       1 |  10.0
        D:3 |     141 |     116 |  45.1 |      31 |       1 |   3.1
        D:4 |     259 |      21 |   7.5 |      17 |       1 |   5.6
        D:5 |      81 |     140 |  63.3 |      14 |       9 |  39.1
        D:6 |     108 |     121 |  52.8 |       8 |       1 |  11.1
        D:7 |    1000 |     438 |  30.5 |      26 |       4 |  13.3
        D:8 |    1745 |       0 |   0.0 |      30 |       0 |   0.0
        D:9 |    1485 |     321 |  17.8 |      18 |       8 |  30.8
     Lair:1 |    1068 |       0 |   0.0 |      13 |       0 |   0.0
            +---------+---------+-------+---------+---------+-------
